 Dungeon Crawl Stone Soup version 0.30-a0-711-gf4ac18a38d (webtiles) character file.

Game seed: 14849496268682392040

65 croobank the Insei (level 3, -4/28 HPs)
             Began as a Demigod Transmuter on Jan 23, 2023.
             Succumbed to their own poison gas
             ... on level 2 of the Dungeon.
             The game lasted 00:04:06 (1692 turns).

croobank the Insei (Demigod Transmuter)             Turns: 1692, Time: 00:04:06

Health: -4/28      AC:  3    Str: 11    XL:     3   Next: 66%
Magic:  8/8        EV: 12    Int: 19    God:
Gold:   22         SH:  0    Dex: 14    Spells: 3/6 levels left

rFire   . . .      SeeInvis .    c - +0 hand axe
rCold   . . .      Faith    .    (no shield)
rNeg    . . .      Spirit   .    a - +0 robe
rPois   .          Reflect  .    f - +0 helmet
rElec   .          Harm     .    (no cloak)
rCorr   .          Rampage  .    (no gloves)
Will    .....                    (no boots)
Stlth   +                        (no amulet)
HPRegen 0.24/turn                (no ring)
MPRegen 0.11/turn                (no ring)

@: confused, lethally poisoned (-4 -> -31)
A: high MP 1, forlorn, divine attributes
a: no special abilities


You were on level 2 of the Dungeon.
You visited 1 branch of the dungeon, and saw 3 of its levels.

You collected 22 gold pieces.

Inventory:

Hand Weapons
 c - a +0 hand axe (weapon)
 e - a +0 short sword
Armour
 a - a +0 robe (worn)
 f - a +0 helmet (worn)
Scrolls
 n - a scroll of enchant armour {unknown}
 o - a scroll of immolation {unknown}
 p - a scroll of fear {unknown}
 q - a scroll of blinking {unknown}
Potions
 b - a potion of lignification
 g - a potion of degeneration
 h - a potion of resistance
 i - a potion of heal wounds
 k - a potion of mutation {unknown}
 m - a potion of ambrosia {unknown}


   Skills:
 + Level 1.6 Fighting
 + Level 2.3 Dodging
 + Level 3.1 Unarmed Combat
 + Level 2.2 Spellcasting
 + Level 2.3 Transmutations


You had 3 spell levels left.
You knew the following spells:

 Your Spells              Type           Power      Damage    Failure   Level
a - Beastly Appendage     Tmut           22%        N/A       6%          1
b - Wereblood             Tmut           11%        N/A       10%         2

Your spell library contained the following spells:

 Spells                   Type           Power      Damage    Failure   Level
 Magic Dart               Conj           8%         1d3       17%         1
 Searing Ray              Conj           4%         2d4       26%         2
 Spider Form              Tmut/Pois      6%         N/A       30%         3
 Ice Form                 Ice/Tmut       6%         N/A       71%         4
 Fulminant Prism          Conj/Hex       1%         3d5       86%         4


Dungeon Overview and Level Annotations

Branches:
Dungeon (3/15)

Annotations:
D:2 Sigmund


Innate Abilities, Weirdness & Mutations

You have an increased reservoir of magic. (+10% MP)
You shall have no god before yourself.
Your divine heritage dramatically boosts your attributes as you level up.


Message History

Your transformation is almost over.
You howl as the wereblood boils in your veins!
You howl as the wereblood boils in your veins!
Your horns disappear.
Your talons disappear.
Your +0 helmet unmelds from your body.
You howl as the wereblood boils in your veins!
Your primal bloodlust is almost over.
You howl as the wereblood boils in your veins!
q - a scroll labelled ROCVUE KYM QAU You howl as the wereblood boils in your veins!
Your primal bloodlust has ended.
Sigmund the Dreaded comes into view.
He is wielding a +0 scythe.
Sigmund shouts!
The air fills with toxic fumes!
As you read the scroll labelled DYTOTUAKLO, it crumbles to dust.
It was a scroll of poison.
Okay, then.
As you read the scroll labelled HUEWINLARAU, it crumbles to dust.
It is a scroll of amnesia.
Really abort (and waste the scroll)?
Okay, then.
As you read the scroll labelled TYTTYC DELLUI, it crumbles to dust.
It is a scroll of identify.
g - a potion of degeneration
As you read the scroll of identify, it crumbles to dust.
h - a potion of resistance Sigmund mumbles some strange words.
Sigmund flickers and vanishes!
Deactivating autopickup; reactivate with Ctrl-A.
As you read the scroll of identify, it crumbles to dust.
i - a potion of heal wounds You hear some strange, mumbled words.
You are confused.
You are engulfed in poison gas.
You are poisoned.
You feel very sick. Something hits you!
You bump into the rock wall.
You are engulfed in poison gas.
You are more poisoned.
* * * LOW HITPOINT WARNING * * *
You die...

.......# .......#
.......# ###).####
#.......#
+.......#
#..†....##.#######
#.......##.....{°#
###..###########@#
......# #.....#.#
#####.####.###.#.#
#.....#....# #.#.#
#.####...#.# #.#.#
#........#.###.#○#
######.#.......#§#
#.........○§#
#############


There were no monsters in sight!

Vanquished Creatures
  Robin (D:2)
  2 worms
  A dart slug (D:2)
  2 ball pythons
  2 endoplasms
  2 giant cockroaches (D:1)
  9 goblins
  4 hobgoblins
  4 jackals (D:1)
  4 kobolds
  2 quokkas
  4 bats (D:1)
  4 rats
41 creatures vanquished.

Notes
Turn   | Place    | Note
-------+----------+-------------------------------------------
     0 | D:1      | croobank the Demigod Transmuter began the quest for the
                  | Orb.
     0 | D:1      | Reached XP level 1. HP: 15/15 MP: 5/5
    81 | D:1      | Reached skill level 1 in Fighting
   368 | D:1      | Reached XP level 2. HP: 23/23 MP: 5/7
   371 | D:1      | Learned a level 2 spell: Wereblood
  1269 | D:2      | Noticed Robin
  1284 | D:2      | Reached skill level 3 in Unarmed Combat
  1288 | D:2      | Reached XP level 3. HP: 11/28 MP: 6/8
  1289 | D:2      | Killed Robin
  1676 | D:2      | Noticed Sigmund
  1692 | D:2      | HP: 1/28 [cloud of poison gas (8)]
  1692 | D:2      | Succumbed to their own poison gas

Illustrated notes

Levels and vault maps discovered:
D:1:      sevenhm_arrival_forest_fort_small_3, layout_basic
D:2:      layout_basic, palyth_stone_intersect, nicolae_wormholes, uniq_robin,
          uniq_jessica, uniq_sigmund
D:3:      layout_basic, grunt_ministairs_7, guppyfry_early_lair_pool

Skill      XL: |  1  2 |
---------------+-------+-----
Fighting       | 1 |  1.6
Dodging        | 2 |  2.3
Transmutations | 2 |  2.3
Spellcasting   | 2 |  2.2
Unarmed Combat | 3 |  3.1

Action                     || total
---------------------------++-------
  Melee: Hand axe          ||    75
         Unarmed           ||     7
         Kick              ||    25
         Headbutt          ||     9
   Cast: Beastly Appendage ||    18
         Wereblood         ||    11
    Use: Scroll            ||     5
 Armour: Robe              ||    19
  Dodge: Dodged            ||    70

Table legend: (Time is in decaauts)
 A = Elapsed time spent in this place.
 B = Non-inter-level travel time spent in this place.
 C = Inter-level travel time spent in this place.
 D = Time resting spent in this place.
 E = Time spent auto-exploring this place.
 F = Levels seen in this place.
 G = Mean time per level.
                   A        B        C        D        E       F      G
               +--------+--------+--------+--------+--------+-----+--------+
         Total |   1714 |   1701 |     13 |    172 |   1231 |   3 |  571.3 |
       Dungeon |   1714 |   1701 |     13 |    172 |   1231 |   3 |  571.3 |
               +--------+--------+--------+--------+--------+-----+--------+

Top non-repeatable levels by time:
     D:1: 1285 daAuts
     D:2: 414 daAuts
     D:3: 14 daAuts
